 Dungeon Crawl Stone Soup version 0.27-a0-906-g0a00ce863d (webtiles) character file.

Game seed: 1427403799366556712

89 wakim the Insei (level 4, -2/42 HPs)
             Began as an Octopode Transmuter on Apr 6, 2021.
             Slain by an orc
             ... wielding a +1 vorpal flail
              (4 damage)
             ... on level 2 of the Dungeon.
             The game lasted 00:06:32 (2842 turns).

wakim the Insei (Octopode Transmuter)               Turns: 2842, Time: 00:06:33

Health: -2/42      AC: 22    Str:  9    XL:     4   Next: 55%
Magic:  5/7        EV:  2    Int: 16    God:
Gold:   16         SH:  0    Dex: 12    Spells: 3/7 levels left

rFire    . . .     SeeInvis .     - Unarmed
rCold    + . .     Faith    .   (no shield)
rNeg     + + +     Spirit   .   (helmet currently unavailable)
rPois    +         Reflect  .   d - amulet of the acrobat
rElec    .         Harm     .   a - ring of protection from cold
rCorr    .         Rampage  .   (no ring)
Will     .....     NoTele   +   (no ring)
Stlth    ++........             (no ring)
HPRegen  0.14/turn              (no ring)
MPRegen  0.10/turn              (no ring)
                                (no ring)
                                (no ring)

@: tree-form
A: stationary, stasis, torment immunity, boosted hp, almost no armour,
(amphibious), 8 rings, (camouflage 1), (gelatinous body 1), (nimble swimmer 1),
(tentacles)
a: no special abilities


You were on level 2 of the Dungeon.
You were a tree.
You visited 1 branch of the dungeon, and saw 3 of its levels.

You collected 16 gold pieces.

Inventory:

Jewellery
 a - a ring of protection from cold (left branch)
 d - an amulet of the acrobat (around neck)
Potions
 b - a potion of brilliance {unknown}
 c - a potion of mutation {unknown}


   Skills:
 - Level 1.0 Fighting
 - Level 2.0 Dodging
 - Level 3.0 Stealth
 * Level 4.6 Unarmed Combat
 - Level 2.0 Spellcasting
 - Level 2.0 Transmutations


You had 3 spell levels left.
You knew the following spells:

 Your Spells              Type           Power      Damage    Failure   Level
a - Beastly Appendage     Tmut           16%        N/A       9%          1
x - Spider Form           Tmut/Pois      2%         N/A       38%         3

Your spell library contained the following spells:

 Spells                   Type           Power      Damage    Failure   Level
 Wereblood                Tmut           8%         N/A       14%         2
 Ice Form                 Ice/Tmut       4%         N/A       80%         4
 Hydra Form               Tmut           4%         N/A       94%         5


Dungeon Overview and Level Annotations

Branches:
Dungeon (3/15)

Altars:
Fedhas


Innate Abilities, Weirdness & Mutations

You are a tree.
Your roots penetrate the ground, keeping you stationary.
You cannot be teleported.
You are immune to unholy pain and torment.
Your maximum health is greatly increased.
Your equipment is partially melded.
You cannot wear most types of armour.
((You are amphibious.))
You can wear up to eight rings at the same time.
((Your skin changes colour to match your surroundings (Stealth+).))
((Your rubbery body absorbs attacks. (AC +1, EV +1)))
((You are camouflaged near water. (Stealth+)))
((You have tentacles for arms and can constrict up to eight enemies at once.))


Message History

HP restored.
You start resting.
Your magical contamination has completely faded away.
Magic restored.
Casting: Spider Form (extremely dangerous; 38% risk of failure)
Confirm with . or Enter, or press ? or * to list all spells.
The spell is extremely dangerous to cast (38% risk of failure)!
Continue anyway?
You turn into a venomous arachnid creature.
Your transformation is almost over.
You climb downwards.
The adder bites you. The orc hits you with a +0 whip.
The orc hits you but does no damage. The adder closely misses you.
The orc closely misses you. The orc completely misses you. The orc misses you.
The orc hits you but does no damage.
There is a stone staircase leading up here.
The orc shouts!
The adder closely misses you. The orc barely misses you. x2
The orc hits you with a +0 whip.
You climb upwards.
There is a stone staircase leading down here.
You barely miss the orc. The orc misses you. The orc barely misses you.
The orc hits you with a +0 dagger. The orc hits you but does no damage.
You hit the orc.
The orc is lightly wounded.
The orc hits you with a +1 vorpal flail!
* * * LOW HITPOINT WARNING * * *
* * * LOW HITPOINT WARNING * * *
The orc misses you. The orc hits you with a +0 whip.
* * * LOW HITPOINT WARNING * * *
The orc hits you but does no damage.
As you read the scroll of teleportation, it crumbles to dust.
You feel strangely unstable. The orc misses you. The orc completely misses you.
The orc hits you with a +0 whip.
* * * LOW HITPOINT WARNING * * *
The orc misses you.
Really quaff the potion of lignification?
Your transformation has ended.
You turn into a tree.
Your roots penetrate the ground.
You feel strangely stable.
The orc hits you with a +1 vorpal flail.
You die...

....# #..#.###.....####### #
....# #..#.# #...........# #
##### #.##.###...........# #
#.##..........)....# ####
#.#######..........####...
###.#.....#..........##.....
##......#.##S.........##.#.##
#..####....ooo#.########.#...
#.##..##.###♣o#..........####
#......#.# ####.##########
#..##..#.# #..#.#
#.##((##.###..###
#.#..##...##..#
##.#..†........#
#..##.†##.###..#
#...####..###.##
#.............#


You could see an adder and 4 orcs.

Vanquished Creatures
  An adder (D:2)
  A worm (D:2)
  5 dart slugs
  3 orcs
  7 bats
  7 endoplasms
  5 giant cockroaches
  4 goblins
  6 hobgoblins
  6 jackals (D:1)
  A quokka (D:3)
  4 ball pythons
  2 frilled lizards (D:2)
  7 kobolds
  A rat (D:1)
60 creatures vanquished.

Notes
Turn   | Place    | Note
-------+----------+-------------------------------------------
     0 | D:1      | wakim the Octopode Transmuter began the quest for the Orb.
     0 | D:1      | Reached XP level 1. HP: 13/13 MP: 3/3
   239 | D:1      | Reached skill level 1 in Stealth
   257 | D:1      | Reached XP level 2. HP: 16/18 MP: 1/5
   526 | D:1      | Reached XP level 3. HP: 23/23 MP: 6/6
   818 | D:1      | Learned a level 3 spell: Spider Form
  1318 | D:2      | Reached skill level 4 in Unarmed Combat
  1530 | D:2      | Reached XP level 4. HP: 28/28 MP: 5/7
  2017 | D:2      | Found a blossoming altar of Fedhas.
  2178 | D:3      | Noticed an orc warrior
  2841 | D:2      | HP: 1/28 [orc/+0 whip (5)]
  2842 | D:2      | Slain by an orc

Illustrated notes

Levels and vault maps discovered:
D:1:      heliophobic_arrival_enchanted_forest, layout_basic,
          chequers_serial_rivers_micro_e, st_stairs_9
D:2:      layout_basic, basic_altar, fountainhead, minmay_close_crescents
D:3:      layout_rooms

Skill      XL: |  1  2  3 |
---------------+----------+-----
Stealth        | 1 2 3 |  3.0
Unarmed Combat | 4 |  4.6
Fighting       | |  1.0
Dodging        | |  2.0
Spellcasting   | |  2.0
Transmutations | |  2.0

Action                   |  1- 3 |  4- 6 || total
-------------------------+-------+-------++-------
Melee: Unarmed           |    98 |    37 ||   135
       Constrict         |    25 |     7 ||    32
       Tentacles         |    14 |     4 ||    18
       Kick              |    12 |     5 ||    17
       Punch             |     1 |       ||     1
 Cast: Beastly Appendage |    20 |     6 ||    26
       Spider Form       |       |     2 ||     2
  Use: Scroll            |     2 |     3 ||     5
       Potion            |       |     1 ||     1
 Stab: Sleeping          |     3 |     4 ||     7
Armor: Skin              |     8 |     5 ||    13
Dodge: Dodged            |    64 |    32 ||    96

Table legend: (Time is in decaauts)
 A = Elapsed time spent in this place.
 B = Non-inter-level travel time spent in this place.
 C = Inter-level travel time spent in this place.
 D = Time resting spent in this place.
 E = Time spent auto-exploring this place.
 F = Levels seen in this place.
 G = Mean time per level.
                   A        B        C        D        E       F      G
               +--------+--------+--------+--------+--------+-----+--------+
         Total |   2835 |   2702 |    133 |    532 |   1712 |   3 |  945.0 |
       Dungeon |   2835 |   2702 |    133 |    532 |   1712 |   3 |  945.0 |
               +--------+--------+--------+--------+--------+-----+--------+

Top non-repeatable levels by time:
     D:2: 1564 daAuts
     D:1: 1150 daAuts
     D:3: 121 daAuts
